 Dungeon Crawl Stone Soup version 0.31-a0-1074-g0b22e4e0f1 (webtiles) character file.

Game seed: 14442268222573154881

896 grandjackal the Trooper (level 8, -2/60 HPs)
             Began as a Djinni Reaver on Dec 1, 2023.
             Killed from afar by an electric eel (12 damage)
             ... with a bolt of electricity
             ... on level 6 of the Dungeon.
             The game lasted 00:06:22 (3580 turns).

grandjackal the Trooper (Djinni Reaver)             Turns: 3580, Time: 00:06:23

Health: -2/60      AC:  5    Str: 11    XL:     8   Next: 28%
Gold:   276        EV: 17    Int: 17    God:
                   SH:  0    Dex: 12

rFire   + + .        p - +4 quarterstaff (chaos)
rCold   x . .        (shield currently unavailable)
rNeg    . . .        s - +0 robe {Will+}
rPois   ∞            t - +0 helmet
rElec   .            q - +0 cloak
rCorr   .            r - +0 pair of gloves
SInv    +            (boots unavailable)
Will    +....        (no amulet)
Stlth   +            m - +5 ring of evasion
HPRegen 0.30/turn    w - ring of see invisible
MPRegen 0.00/turn

%: infuse magic (-3 HP)
@: flying
A: sickness immunity, fire resistance 2, cold vulnerability 1, float, innate
caster, HP casting, extra vitality 1
a: no special abilities


You were on level 6 of the Dungeon.
You visited 1 branch of the dungeon, and saw 6 of its levels.

You collected 276 gold pieces.

Inventory:

Hand Weapons
 a - a +0 spear
 p - a +4 quarterstaff of chaos (weapon)
Missiles
 h - 23 poisoned darts (quivered)
 y - a throwing net
Armour
 q - a +0 cloak (worn)
 r - a +0 pair of gloves (worn)
 s - a +0 robe of willpower (worn)
 t - a +0 helmet (worn)
Jewellery
 m - a +5 ring of evasion (left hand)
 w - a ring of see invisible (right hand)
Wands
 b - a wand of polymorph (12)
 z - a wand of iceblast (10)
 C - a wand of paralysis (14)
Scrolls
 c - 2 scrolls of immolation {unknown}
 f - a scroll of torment {unknown}
 i - 3 scrolls of fear {unknown}
 j - a scroll of silence {unknown}
 l - a scroll of poison {unknown}
 n - 2 scrolls of revelation {unknown}
 v - 3 scrolls of identify {unknown}
 x - a scroll of noise {unknown}
 A - 2 scrolls of teleportation {unknown}
 B - a scroll of amnesia {unknown}
Potions
 d - 2 potions of might {unknown}
 e - a potion of brilliance {unknown}
 g - 2 potions of curing {unknown}
 k - a potion of berserk rage {unknown}
 o - a potion of enlightenment {unknown}
 u - 2 potions of mutation {unknown}
 D - a potion of heal wounds {unknown}


   Skills:
 + Level 5.4 Fighting
 - Level 2.4(2.5) Polearms
 - Level 1.0(2.0) Staves
 - Level 2.1 Dodging
 + Level 5.0 Spellcasting
 + Level 5.0 Conjurations
 + Level 5.0 Hexes
   Level 0.0 Charms
 + Level 5.0 Summonings
 + Level 5.0 Necromancy
 + Level 5.0 Translocations
 + Level 5.0 Transmutations
 + Level 5.0 Fire Magic
 + Level 5.0 Ice Magic
 + Level 5.0 Air Magic
 + Level 5.0 Earth Magic
 + Level 5.0 Poison Magic
 + Level 4.0 Evocations


You knew the following spells:

 Your Spells              Type           Power      Damage    Failure   Level
a - Kiss of Death         Conj/Necr      84%        2d11      1%          1
b - Momentum Strike       Conj/Tloc      42%        3d9       2%          2
c - Hailstorm             Conj/Ice       21%        3d6       5%          3
d - Slow                  Hex            84%        N/A       1%          1
e - Static Discharge      Conj/Air       42%        3-5/arc   2%          2
f - Ignite Poison         Fire/Tmut/Pois 21%        N/A       5%          3
Your spell library was empty.

Dungeon Overview and Level Annotations

Branches:
Dungeon (7/15)
 Temple: D:4-7

Altars:
Dithmenos
Ru
Xom


Innate Abilities, Weirdness & Mutations

You are immune to sickness and miasma.
You are immune to poison.
Your flesh is very heat resistant. (rF++)
You are vulnerable to cold. (rC-)
You float through the air rather than walking.
You learn spells naturally, not from books.
Your magical power is your life essence.
You have superior vitality. (+4 MHP)


Message History

Found a war axe.
D - a sedimented yellow potion
Found a stone staircase leading up.
You see here a +0 war axe.
Found a scroll labelled ROAHIOL JEASHA.
There is a stone staircase leading up here.
A - 2 scrolls labelled ROAHIOL JEASHA (gained 1)
There is a stone staircase leading up here.
You fly upwards.
There is a stone staircase leading down here.
An electric eel comes into view.
You completely miss the plant.
The electric eel shoots out a bolt of lightning at you!
The bolt of electricity hits the plant!
The plant begins to die.
The bolt of electricity misses you.
Unknown command.
The electric eel shoots out a bolt of lightning at you!
The bolt of electricity hits the plant!
The plant begins to die.
The bolt of electricity hits the plant!
The plant begins to die.
The bolt of electricity hits you.
The electric eel shoots out a bolt of lightning at you!
The bolt of electricity hits you!
A nearby plant withers and dies.
The electric eel shoots out a bolt of lightning at you!
The bolt of electricity hits you.
A nearby plant withers and dies.
The electric eel shoots out a bolt of lightning at you!
The bolt of electricity hits the plant!
The plant begins to die.
The bolt of electricity hits you!
The electric eel shoots out a bolt of lightning at you!
The bolt of electricity hits the plant!
The plant begins to die.
The bolt of electricity hits you!
A nearby plant withers and dies.
A nearby plant withers and dies.
The electric eel shoots out a bolt of lightning at you!
The bolt of electricity hits you!
* * * LOW HITPOINT WARNING * * *
The electric eel shoots out a bolt of lightning at you!
The bolt of electricity hits you!
You die...

#########
+....>..#
#####@### #.# .
#.# .. ## #.#
... #P♣♣#.###
....♣♣~~♣...#
...♣~P~~♣~#.#
##.~P~♣~S♣~.###
..~~~~~~~~~...#


You could see an electric eel.

Vanquished Creatures
  A kobold demonologist (D:7)
  A kobold brigand (D:7)
  A bullfrog (D:7)
  A scorpion (D:7)
  3 wights (D:7)
  A hound (D:7)
  Crazy Yiuf (D:2)
  An orc wizard (D:3)
  Robin (D:3)
  3 adders (D:3)
  6 gnolls
  A white imp (D:7)
  A worm (D:3)
  4 dart slugs
  9 orcs
  5 ball pythons
  5 endoplasms
  4 giant cockroaches
  17 goblins
  10 hobgoblins
  2 jackals (D:1)
  3 quokkas
  6 bats
  4 frilled lizards
  8 kobolds
  8 rats
107 creatures vanquished.

Vanquished Creatures (others)
  A quokka (D:4)
1 creature vanquished.

Grand Total: 108 creatures vanquished

Notes
Turn   | Place    | Note
-------+----------+-------------------------------------------
     0 | D:1      | grandjackal the Djinni Reaver began the quest for the Orb.
     0 | D:1      | grandjackal set off with the following spells memorised:
                  | Kiss of Death, Momentum Strike, Hailstorm.
     0 | D:1      | Reached XP level 1. HP: 18/18 MP: 0/0
   102 | D:1      | Reached XP level 2. HP: 23/23 MP: 0/0
   206 | D:1      | Reached skill level 1 in Staves
   436 | D:1      | Reached XP level 3. HP: 23/28 MP: 0/0
   436 | D:1      | Learned a level 1 spell: Slow
   625 | D:1      | Found a faded altar of an unknown god.
  1167 | D:2      | Reached XP level 4. HP: 27/34 MP: 0/0
  1284 | D:2      | Found a runed translucent door.
  1285 | D:2      | Noticed Crazy Yiuf
  1462 | D:2      | Killed Crazy Yiuf
  1609 | D:3      | Reached XP level 5. HP: 35/36 MP: 0/0
  1609 | D:3      | Learned a level 2 spell: Static Discharge
  1640 | D:3      | Found a shadowy altar of Dithmenos.
  1696 | D:3      | Noticed Robin
  1766 | D:3      | Killed Robin
  2106 | D:3      | Found a sacrificial altar of Ru.
  2392 | D:4      | Reached XP level 6. HP: 39/46 MP: 0/0
  3074 | D:4      | Found a shimmering altar of Xom.
  3088 | D:4      | Reached skill level 1 in Evocations
  3097 | D:4      | You are sucked into a shaft and drop 3 floors!
  3099 | D:7      | Noticed a kobold demonologist
  3112 | D:7      | Killed a kobold demonologist
  3113 | D:7      | Reached XP level 7. HP: 49/53 MP: 0/0
  3113 | D:7      | Learned a level 3 spell: Ignite Poison
  3195 | D:7      | Reached skill level 5 in Fighting
  3285 | D:7      | Reached XP level 8. HP: 49/59 MP: 0/0
  3395 | D:7      | Reached skill level 5 in Spellcasting
  3395 | D:7      | Reached skill level 5 in Conjurations
  3395 | D:7      | Reached skill level 5 in Hexes
  3395 | D:7      | Reached skill level 5 in Summonings
  3395 | D:7      | Reached skill level 5 in Necromancy
  3395 | D:7      | Reached skill level 5 in Translocations
  3395 | D:7      | Reached skill level 5 in Transmutations
  3395 | D:7      | Reached skill level 5 in Fire Magic
  3395 | D:7      | Reached skill level 5 in Ice Magic
  3395 | D:7      | Reached skill level 5 in Air Magic
  3395 | D:7      | Reached skill level 5 in Earth Magic
  3395 | D:7      | Reached skill level 5 in Poison Magic
  3580 | D:6      | Killed from afar by an electric eel

Illustrated notes

Levels and vault maps discovered:
D:1:      ebering_trefoil_3fold, layout_basic, chequers_ecumenical_altar_twisty,
          minmay_domino_2
D:2:      layout_loops_cross, uniq_crazy_yiuf_cottage
D:3:      layout_basic, grunt_dithmenos_smoke, general_overflow_altar,
          uniq_robin
D:4:      layout_cave_pods, xom_confusion_cloud, dk_noncrumbling_4,
          minmay_bisected
D:6:      layout_basic, nicolae_kikubaaqudgha_miasma_corner, serial_bayou_lake_a
D:7:      minmay_general_purpose_star, layout_rooms, lightli_temple_of_fire,
          mainiacjoe_overflow_alcove_1, hellmonk_guarded_unrand_frostbite

Skill      XL: |  1  2  3  4  5  6  7  8 |
---------------+-------------------------+-----
Spellcasting   | 3 4 5 |  5.0
Conjurations   | 3 4 5 |  5.0
Hexes          | 3 4 5 |  5.0
Summonings     | 3 4 5 |  5.0
Necromancy     | 3 4 5 |  5.0
Translocations | 3 4 5 |  5.0
Transmutations | 3 4 5 |  5.0
Fire Magic     | 3 4 5 |  5.0
Ice Magic      | 3 4 5 |  5.0
Air Magic      | 3 4 5 |  5.0
Earth Magic    | 3 4 5 |  5.0
Poison Magic   | 3 4 5 |  5.0
Staves         | 1 |  1.0
Fighting       | 3 4 5 |  5.4
Evocations     | 2 3 4 |  4.0
Polearms       | |  2.4
Dodging        | |  2.1

Action                     |  1- 3 |  4- 6 |  7- 9 || total
---------------------------+-------+-------+-------++-------
  Melee: Spear             |   124 |    11 |       ||   135
         Quarterstaff      |       |   116 |    45 ||   161
         Unarmed           |       |    12 |       ||    12
   Cast: Kiss of Death     |       |     2 |       ||     2
         Static Discharge  |       |     2 |       ||     2
         Hailstorm         |       |       |     2 ||     2
         Momentum Strike   |       |       |     1 ||     1
   Stab: Sleeping          |     1 |     1 |       ||     2
         Confused          |       |     1 |       ||     1
 Armour: Leather armour    |    54 |    14 |       ||    68
         Robe              |       |    21 |    26 ||    47
         Skin              |       |     4 |       ||     4
  Dodge: Dodged            |    58 |   132 |    34 ||   224

Table legend: (Time is in decaauts)
 A = Elapsed time spent in this place.
 B = Non-inter-level travel time spent in this place.
 C = Inter-level travel time spent in this place.
 D = Time resting spent in this place.
 E = Time spent auto-exploring this place.
 F = Levels seen in this place.
 G = Mean time per level.
                   A        B        C        D        E       F      G
               +--------+--------+--------+--------+--------+-----+--------+
         Total |   3604 |   3550 |     54 |    271 |   2324 |   6 |  600.7 |
       Dungeon |   3604 |   3550 |     54 |    271 |   2324 |   6 |  600.7 |
               +--------+--------+--------+--------+--------+-----+--------+

Top non-repeatable levels by time:
     D:4: 854 daAuts
     D:1: 768 daAuts
     D:3: 760 daAuts
     D:2: 727 daAuts
     D:7: 458 daAuts
     D:6: 34 daAuts
